 Dungeon Crawl Stone Soup version 0.22-a0-280-g69bf1f3 (webtiles) character file.

161 b5mith the Slasher (level 5, 0/70 HPs)
             Began as a Minotaur Berserker on Mar 16, 2018.
             Was a Believer of Trog.
             Killed by divine providence
             ... invoked by an orc priest
              (8 damage)
             ... on level 3 of the Dungeon.
             The game lasted 00:03:27 (1992 turns).

b5mith the Slasher (Minotaur Berserker)             Turns: 1992, Time: 00:03:28

Health: 0/70       AC:  9    Str: 28    XL:     5   Next: 19%
Magic:  4/4        EV: 10    Int:  4    God:    Trog [**....]
Gold:   216        SH:  0    Dex:  9    Spells: 4/4 levels left

rFire    . . .     SeeInvis .   a - +1 falchion
rCold    . . .     Gourm    .   (no shield)
rNeg     . . .     Faith    .   k - +0 chain mail
rPois    .         Spirit   .   (helmet restricted)
rElec    .         Reflect  .   (no cloak)
rCorr    .         Harm     .   (no gloves)
MR       .....                  (no boots)
Stlth    ..........             (no amulet)
HPRegen  0.21/turn              h - ring of wizardry
MPRegen  0.09/turn              (no ring)

@: berserking, very quick
A: retaliatory headbutt, horns 2
a: Berserk, Trog's Hand, Renounce Religion


You were on level 3 of the Dungeon.
You worshipped Trog.
Trog was pleased with you.
You were near starving.

You visited 1 branch of the dungeon, and saw 3 of its levels.

You collected 216 gold pieces.

Inventory:

Hand Weapons
 a - a +1 falchion (weapon)
Armour
 b - a +0 animal skin
 k - a +0 chain mail (worn)
Jewellery
 h - a ring of wizardry (left hand)
Wands
 p - a wand of iceblast (5)
Scrolls
 d - 2 scrolls of enchant armour {unknown}
 g - 2 scrolls of teleportation {unknown}
 i - 3 scrolls of identify {unknown}
 j - 2 scrolls of enchant weapon
 l - a scroll of amnesia {unknown}
 n - 2 scrolls of remove curse {unknown}
Potions
 e - 3 potions of cancellation {unknown}
 m - 2 potions of haste {unknown}
 o - a potion of magic {unknown}
Comestibles
 c - 4 rations
 f - 4 chunks of flesh


   Skills:
 + Level 4.7 Fighting
 + Level 4.7 Long Blades
 + Level 3.9 Armour
 + Level 3.5 Dodging


You had 4 spell levels left.
You didn't know any spells.

Dungeon Overview and Level Annotations

Branches:
Dungeon (3/15)

Altars:


Innate Abilities, Weirdness & Mutations

You reflexively headbutt those who attack you in melee.
You have a pair of horns on your head.


Message History

You are too injured to fight recklessly!
You are too injured to fight recklessly!
You are too injured to fight recklessly!
You are too injured to fight recklessly!
A red film seems to cover your vision as you go berserk!
You feel yourself moving faster!
You feel mighty!
You are near starving!
The orc wizard casts a spell at you. The puff of frost hits you!
The orc priest mumbles some strange prayers to Beogh against you.
Beogh smites you!
* * * LOW HITPOINT WARNING * * *
You slash the orc wizard!
You kill the orc wizard!
Trog accepts your kill.
Trog appreciates your killing of a magic user.
You have reached level 5!
The orc priest invokes the aid of Beogh against you.
Beogh smites you!
You die...

#..#.#.## #b.#.#..#
#. ....... ##.#.#..#
#.# ....... #.P#.#.P#
#.# ....... #..#.#.##
#.# ....... #..#.# #
### #.# .......
##P#.# ..# #.#
<...... # #.#
##.###.##w.>..%.
#.####.....>.@o......
#.#.##..###.#########
#.#.........#
#[......#####
#..###.## #).# #.#
#..# #.# #..# #.#
#..# #.#


You could see a worm and an orc priest.

Vanquished Creatures
  An orc wizard (D:3)
  An orc priest (D:3)
  3 adders (D:2)
  An ooze (D:1)
  A worm (D:2)
  A dart slug (D:1)
  A leopard gecko (D:1)
  6 orcs (D:3)
  2 giant cockroaches (D:2)
  9 goblins
  4 hobgoblins
  7 jackals
  8 kobolds
  A ball python (D:2)
  8 bats
  3 frilled lizards
  2 rats
59 creatures vanquished.

Notes
Turn   | Place    | Note
-------+----------+-------------------------------------------
     0 | D:1      | b5mith the Minotaur Berserker began the quest for the Orb.
     0 | D:1      | Reached XP level 1. HP: 19/19 MP: 0/0
    56 | D:1      | Reached XP level 2. HP: 24/27 MP: 1/1
   451 | D:1      | Reached XP level 3. HP: 33/33 MP: 2/2
   938 | D:2      | Reached ** piety under Trog
  1256 | D:2      | Reached XP level 4. HP: 37/40 MP: 3/3
  1672 | D:3      | Found a faded altar of an unknown god.
  1991 | D:3      | Reached XP level 5. HP: 8/47 MP: 4/4
  1992 | D:3      | Killed from afar by an orc priest

Vault maps used:
D:1:      dpeg_arrival_water_temple_mockup
D:3:      chequers_ecumenical_altar_simple_redux, serial_aquarium,
          aquarium_bridge_long_joined, aquarium_window_fake,
          aquarium_window_corridor_1, aquarium_window_1, aquarium_view_2e,
          aquarium_view_2d, corexii_hall_statues_t

Skill      XL: |  1  2  3 |
---------------+----------+-----
Long Blades    | 4 |  4.7
Fighting       | 4 |  4.7
Armour         | 3 |  3.9
Dodging        | 3 |  3.5

Action                   |  1- 3 |  4- 6 || total
-------------------------+-------+-------++-------
Melee: Falchion          |    75 |    58 ||   133
       Headbutt          |    19 |    12 ||    31
Invok: Berserk           |       |     1 ||     1
  Use: Scroll            |     1 |       ||     1
  Eat: Chunk             |     1 |     2 ||     3
Armor: Animal skin       |     6 |       ||     6
       Chain mail        |    25 |    34 ||    59
Dodge: Dodged            |    46 |    34 ||    80
       Rpst.: Falchion   |    12 |     5 ||    17

Table legend:
 A = Spawn XP
 B = Non-spawn XP
 C = Spawn XP percentage of total XP
 D = Spawn monster count
 E = Non-spawn monster count
 F = Spawn count percentage of total count
 G = Total turns spent on level
                    A         B        C        D         E        F      G
               +---------+---------+-------+---------+---------+-------+---------
         Total |       0 |     231 |   0.0 |       0 |      59 |   0.0 |  1992
               +---------+---------+-------+---------+---------+-------+---------
           D:1 |       0 |      47 |   0.0 |       0 |      21 |   0.0 |   728
           D:2 |       0 |      65 |   0.0 |       0 |      18 |   0.0 |   780
           D:3 |       0 |     119 |   0.0 |       0 |      20 |   0.0 |   484
               +---------+---------+-------+---------+---------+-------+---------
